 Dungeon Crawl Stone Soup version 0.26-a0-597-gb535b0901c (webtiles) character file.

Game seed: 14715272744346935426

91948 graki42 the Protected (level 16, -16/184 HPs)
             Began as a Gnoll Fire Elementalist on Sept 8, 2020.
             Was a High Priest of Vehumet.
             Killed from afar by Aizul (21 damage)
             ... with a poison arrow
             ... on level 2 of the Snake Pit.
             The game lasted 02:56:32 (26159 turns).

graki42 the Protected (Gnoll Fire Elementalist)    Turns: 26159, Time: 02:56:36

Health: -16/184    AC: 12    Str: 11    XL:     16   Next: 4%
Magic:  9/40       EV: 21    Int: 26    God:    Vehumet [*****.]
Gold:   2288       SH:  8    Dex: 21    Spells: 3/38 levels left

rFire    + + .     SeeInvis .   z - +3 hand axe of Naiwn {vorpal, +Blink rPois Dex+4}
rCold    x . .     Faith    .   N - +0 buckler
rNeg     . . .     Spirit   .   R - +0 troll leather armour
rPois    +         Reflect  .   E - +2 hood of the Assassin {Detection Stab+ Stlth++}
rElec    .         Harm     .   V - +2 cloak {rCorr}
rCorr    +                      X - -1 pair of gloves
MR       ++...                  (no boots)
Stlth    ..........             v - amulet "Sifez" {RegenMP rF+ MR+ Int+3}
HPRegen  0.80/turn              C - ring of magical power
MPRegen  0.52/turn              t - ring of fire

@: berserking (expiring), lethally poisoned (-16 -> -19), studying Armour, very
quick
A: distributed training, fangs 1, strong nose
a: Renounce Religion, Evoke Blink


You were on level 2 of the Snake Pit.
You worshipped Vehumet.
Vehumet was extremely pleased with you.
You visited 5 branches of the dungeon, and saw 22 of its levels.
You also visited: Ossuary and Ice Cave.

You collected 2301 gold pieces.
You spent 13 gold pieces at shops.

Inventory:

Hand Weapons
 s - the +4 whip "Demonbane" {flame, rN+ Int+8}
   (You found it on level 5 of the Dungeon)

   It has been specially enchanted to burn those struck by it, causing extra
   injury to most foes and up to half again as much damage against particularly
   susceptible opponents.
   It affects your intelligence (+8).
   It protects you from negative energy.
 z - the +3 hand axe of Naiwn (weapon) {vorpal, +Blink rPois Dex+4}
   (You took it off an orc warrior on level 10 of the Dungeon)

   It inflicts extra damage upon your enemies.
   It affects your dexterity (+4).
   It protects you from poison.
   It lets you blink.
 Q - a +4 dagger
 S - the +1 scythe of Might {drain, rElec rPois rC- MR-}
   (You found it on level 8 of the Dungeon)

   A truly terrible weapon, it drains the life of those it strikes.
   It makes you vulnerable to cold.
   It insulates you from electricity.
   It protects you from poison.
   It affects your resistance to hostile enchantments.
Missiles
 B - 8 boomerangs of dispersal (quivered)
Armour
 E - the +2 hood of the Assassin (worn) {Detection Stab+ Stlth++}
   (You found it on level 10 of the Dungeon)

   It makes you much more stealthy.
 J - a +1 cloak of cold resistance
 M - a +2 robe of magic resistance
 N - a +0 buckler (worn)
 R - a +0 troll leather armour (worn)
 V - a +2 cloak of preservation (worn)
 X - a -1 pair of gloves (worn)
Jewellery
 a - an uncursed ring of fire
 o - a +6 ring of intelligence
 t - a ring of fire (right hand)
 v - the amulet "Sifez" (around neck) {RegenMP rF+ MR+ Int+3}
   (You found it on level 4 of the Dungeon)

   [amulet of magic regeneration]

   It increases your magic regeneration.
   It affects your intelligence (+3).
   It protects you from fire.
   It affects your resistance to hostile enchantments.
 A - an uncursed ring of stealth
 C - a ring of magical power (left hand)
 D - an uncursed ring of flight
 F - an uncursed ring of protection from magic
 G - an uncursed ring of resist corrosion
 T - an uncursed ring of ice
Wands
 d - a wand of disintegration (15)
 f - a wand of paralysis (5)
 p - a wand of iceblast (72)
 x - a wand of digging (6)
 O - a wand of acid (21)
 P - a wand of polymorph (4)
Scrolls
 b - 8 scrolls of teleportation
 e - a scroll of enchant weapon
 k - 9 scrolls of remove curse
 l - a scroll of acquirement {unknown}
 n - a scroll of blinking
 L - 3 scrolls of magic mapping
Potions
 c - 5 potions of haste
 g - 3 potions of resistance
 h - a potion of might
 j - 5 potions of brilliance
 m - 8 potions of heal wounds
 r - 2 potions of magic
 w - 7 potions of curing
 I - a potion of mutation {unknown}
Books
 u - a manual of Armour
Miscellaneous
 i - a tin of tremorstones (3/3)
 q - a condenser vane (2/2)
 y - a box of beasts (3/3)


   Skills:
 + Level 10.5 Fighting
 + Level 10.5 Short Blades
 + Level 10.5 Long Blades
 + Level 10.5 Axes
 + Level 10.5 Maces & Flails
 + Level 10.5 Polearms
 + Level 10.5 Staves
 + Level 10.5 Slings
 + Level 10.5 Bows
 + Level 10.5 Crossbows
 + Level 10.5 Throwing
 + Level 14.0 Armour
 + Level 11.3 Dodging
 + Level 11.2 Stealth
 + Level 10.5 Shields
 + Level 10.5 Unarmed Combat
 + Level 11.5 Spellcasting
 + Level 9.2 Conjurations
 + Level 8.9 Hexes
 + Level 8.9 Summonings
 + Level 8.9 Necromancy
 + Level 8.9 Translocations
 + Level 8.9 Transmutations
 + Level 10.4 Fire Magic
 + Level 8.9 Ice Magic
 + Level 8.9 Air Magic
 + Level 8.9 Earth Magic
 + Level 8.9 Poison Magic
 + Level 11.3 Invocations
 + Level 10.5 Evocations


You had 3 spell levels left.
You knew the following spells:

 Your Spells              Type           Power        Failure   Level
a - Foxfire               Conj/Fire      ####         1%          1
b - Conjure Flame         Conj/Fire      #######.     1%          3
c - Inner Flame           Hex/Fire       #######.     1%          3
d - Sticky Flame          Conj/Fire      #######.     1%          4
e - Fireball              Conj/Fire      #######...   1%          5
f - Fulminant Prism       Conj/Hex       ######....   1%          4
g - Iskenderun's Mystic   Conj/Tloc      ######..     1%          4
h - Summon Forest         Summ/Tloc      ######....   3%          5
i - Starburst             Conj/Fire      #######...   3%          6

Your spell library contained the following spells:

 Spells                   Type           Power        Failure   Level
 Animate Skeleton         Necr           ######       1%          1
 Apportation              Tloc           ######       1%          1
 Corona                   Hex            ######.      1%          1
 Freeze                   Ice            ####         1%          1
 Sting                    Tmut/Pois      ####         1%          1
 Summon Small Mammal      Summ           ####         1%          1
 Ensorcelled Hibernation  Hex/Ice        ######       1%          2
 Poisonous Vapours        Pois/Air       ######       1%          2
 Confusing Touch          Hex            ######..     1%          3
 Dazzling Flash           Conj/Hex       ######       1%          3
 Frozen Ramparts          Ice            ######       1%          3
 Ignite Poison            Fire/Tmut/Pois #######.     1%          3
 Mephitic Cloud           Conj/Pois/Air  ######..     1%          3
 Ozocubu's Armour         Ice            ######..     1%          3
 Tukima's Dance           Hex            ######..     1%          3
 Hailstorm                Conj/Ice       ######..     1%          4
 Olgreb's Toxic Radiance  Pois           ######..     1%          4
 Summon Ice Beast         Ice/Summ       ######..     1%          4
 Summon Demon             Summ           ######....   3%          5
 Summon Mana Viper        Hex/Summ       ######..     3%          5
 Shadow Creatures         Summ           N/A          19%         6
 Summon Hydra             Summ           ######....   71%         7


Dungeon Overview and Level Annotations

Branches:
Dungeon (11/15)            Temple (1/1) D:5            Lair (6/6) D:11
  Swamp (0/4) Lair:2        Snake (2/4) Lair:2        Slime (0/5) Lair:5
    Orc (2/2) D:11            Elf (0/3) Orc:2       Ossuary (visited)
  IceCv (visited)

Altars:
Ashenzari
Cheibriados
Dithmenos
Elyvilon
Fedhas
Gozag
Hepliaklqana
Kikubaaqudgha
Makhleb
Nemelex Xobeh
Okawaru
Qazlal
Ru
Sif Muna
Trog
Uskayaw
Vehumet
Wu Jian
Xom
Yredelemnul
Zin
The Shining One
Beogh

Shops:
Orc:2 :*[*

Annotations:
D:8 2 runed translucent doors
Snake:2 Aizul


Innate Abilities, Weirdness & Mutations

Your experience applies equally to all skills.
You have very sharp teeth.
Your uncanny sense of smell can sniff out nearby items.


Message History

Aizul is severely wounded.
You miss Aizul.
Aizul is severely wounded.
Aizul completely misses you.
You hit Aizul. Your bite misses Aizul.
Aizul is almost dead.
Aizul hits you!
* * * LOW HITPOINT WARNING * * *
You miss Aizul.
Aizul is almost dead.
You feel sick. Aizul misses you.
You hit Aizul.
Aizul is almost dead.
You slash Aizul!
Aizul is almost dead.
Aizul coils herself and waves her upper body at you.
The poison arrow hits you!!
You are more poisoned.
You partially resist.
You die...

........####♣....≈≈♣.♣..#
.
...........#♣♣S...≈≈##..#
. ...........# #...≈≈≈# #
...........# #§§§≈≈≈♣
########...# #§§§§≈≈#
##....# ♣§§§...# #.....#
♣§§§...# ####.....#
#S§§...# ####.[......#
#@§§...#
##....(.....>##.§§.§§##
..).(........#...§§#.#
..[##............##..#
#####............# ... .#
#....#.......# ....
.####..###.......# ...
.......# #.[.....# ..>
.......# #..###..#


You could see Aizul.

Vanquished Creatures
  Gastronok (Lair:2)
  Agnes (Snake:2)
  An orc warlord (D:11)
  Snorg (D:10)
  3 naga warriors (Snake:1)
  8 hydras
  A centaur warrior (D:8)
  A two-headed ogre (D:8)
  2 anacondas (Snake:1)
  A death yak (Lair:5)
  The ghost of Caleiyous the Basher, a journeyman GrFi of Okawaru (D:10)
  3 shock serpents
  Urug (Lair:4)
  4 orc high priests
  7 naga sharpshooters
  3 sea snakes (Snake:2)
  An unseen horror (D:10)
  2 naga ritualists
  5 orc knights
  2 oklob plants (D:11)
  A necromancer (IceCv)
  2 mana vipers (Snake:2)
  2 cyclopes
  A manticore (D:11)
  4 orc sorcerers
  An ugly thing (D:11)
  2 salamanders (Snake:1)
  An elephant (Lair:6)
  22 black mambas
  Psyche (D:11)
  A guardian serpent (Snake:1)
  Maurice (D:8)
  A naga mage (Snake:1)
  An ice statue (IceCv)
  26 cane toads
  10 freezing wraiths (IceCv)
  2 torpor snails (Lair:6)
  6 komodo dragons
  2 ice devils (Lair:3)
  4 trolls
  4 tyrant leeches
  Prince Ribbit (Lair:2)
  4 polar bears
  4 slime creatures
  4 hippogriffs
  3 dream sheep (Lair:6)
  28 blink frogs
  45 yaks
  A spriggan (Lair:6)
  2 basilisks
  A death yak simulacrum (IceCv)
  6 vampire mosquitoes (Lair:6)
  2 wargs
  15 nagas
  16 water moccasins
  9 ice beasts
  9 porcupines
  26 orc warriors
  2 eyes of draining
  3 black bears
  A hornet zombie (Ossuary)
  A phantom (D:4)
  6 sky beasts
  9 ogres
  6 wolves (Lair:3)
  6 centaurs
  A big kobold (D:8)
  7 crocodiles
  27 bullfrogs
  4 scorpions
  A water moccasin zombie (Ossuary)
  A wyvern skeleton (D:7)
  A swamp dragon simulacrum (IceCv)
  3 killer bees (D:10)
  8 wights
  2 electric eels
  5 howler monkeys
  3 centaur zombies (Ossuary)
  2 bullfrog zombies (Ossuary)
  A gnoll shaman (D:7)
  2 draconian simulacra (IceCv)
  5 jellies
  2 hounds (D:8)
  17 orc priests
  2 bullfrog skeletons
  12 mummies (Ossuary)
  3 iguanas
  17 orc wizards
  10 worker ants
  3 spriggan simulacra (IceCv)
  2 troll simulacra (IceCv)
  A polar bear simulacrum (IceCv)
  A killer bee zombie (D:10)
  A wolf simulacrum (IceCv)
  A centaur simulacrum (IceCv)
  2 hound zombies
  6 gnolls
  3 worker ant zombies (Ossuary)
  7 ogre simulacra (IceCv)
  9 adders
  2 howler monkey skeletons
  5 naga simulacra (IceCv)
  14 white imps
  5 ufetubi
  An ooze (D:2)
  2 adder zombies
  2 adder skeletons
  2 worms (D:2)
  5 dart slugs
  2 leopard geckos
  65 orcs
  8 ball pythons
  19 bats
  8 giant cockroaches
  12 goblins
  A hobgoblin (D:1)
  15 jackals
  5 quokkas
  A ball python zombie (D:6)
  7 frilled lizards
  12 kobolds
  A leopard gecko skeleton (D:6)
  A quokka skeleton (D:8)
  A quokka zombie (Ossuary)
  8 rats
730 creatures vanquished.

Vanquished Creatures (collateral kills)
  A mana viper (Snake:2)
1 creature vanquished.

Vanquished Creatures (others)
  1107 foxfires
  23 fulminant prisms
  38 fungi
  138 plants
  13 withered plants (Ossuary)
1319 creatures vanquished.

Grand Total: 2050 creatures vanquished

Notes
Turn   | Place    | Note
-------+----------+-------------------------------------------
     0 | D:1      | graki42 the Gnoll Fire Elementalist began the quest for the
                  | Orb.
     0 | D:1      | Reached XP level 1. HP: 13/13 MP: 6/6
   126 | D:1      | Reached XP level 2. HP: 19/19 MP: 4/7
   644 | D:1      | Reached XP level 3. HP: 25/25 MP: 6/9
   695 | D:1      | Reached skill level 5 in Spellcasting
   823 | D:1      | Reached skill level 1 in Invocations
  1172 | D:2      | Reached skill level 1 in Fighting
  1172 | D:2      | Reached skill level 1 in Short Blades
  1172 | D:2      | Reached skill level 1 in Long Blades
  1172 | D:2      | Reached skill level 1 in Axes
  1172 | D:2      | Reached skill level 1 in Maces & Flails
  1172 | D:2      | Reached skill level 1 in Polearms
  1172 | D:2      | Reached skill level 1 in Staves
  1172 | D:2      | Reached skill level 1 in Slings
  1172 | D:2      | Reached skill level 1 in Bows
  1172 | D:2      | Reached skill level 1 in Crossbows
  1172 | D:2      | Reached skill level 1 in Throwing
  1172 | D:2      | Reached skill level 1 in Armour
  1172 | D:2      | Reached skill level 1 in Shields
  1172 | D:2      | Reached skill level 1 in Unarmed Combat
  1172 | D:2      | Reached skill level 1 in Evocations
  1178 | D:2      | Reached XP level 4. HP: 32/32 MP: 7/11
  1476 | D:2      | Found an ancient bone altar of Kikubaaqudgha.
  1662 | D:2      | Reached skill level 1 in Hexes
  1662 | D:2      | Reached skill level 1 in Summonings
  1662 | D:2      | Reached skill level 1 in Necromancy
  1662 | D:2      | Reached skill level 1 in Translocations
  1662 | D:2      | Reached skill level 1 in Transmutations
  1662 | D:2      | Reached skill level 1 in Ice Magic
  1662 | D:2      | Reached skill level 1 in Air Magic
  1662 | D:2      | Reached skill level 1 in Earth Magic
  1662 | D:2      | Reached skill level 1 in Poison Magic
  1782 | D:2      | Reached XP level 5. HP: 25/37 MP: 6/12
  2532 | D:2      | Learned a level 3 spell: Conjure Flame
  2536 | D:2      | Learned a level 3 spell: Inner Flame
  2541 | D:2      | Learned a level 4 spell: Sticky Flame
  2751 | D:3      | You fall into a shaft and drop 2 floors!
  2751 | D:5      | Entered Level 5 of the Dungeon
  2765 | D:5      | Noticed a sky beast
  2769 | D:5      | Killed a sky beast
  2769 | D:5      | Reached XP level 6. HP: 44/44 MP: 8/13
  2849 | D:5      | Reached skill level 2 in Armour
  2849 | D:5      | Reached skill level 5 in Dodging
  3075 | D:4      | Reached XP level 7. HP: 50/50 MP: 8/15
  3167 | D:4      | Got a scorched ruby amulet
  3173 | D:4      | Identified the amulet "Sifez" {RegenMP rF+ MR+ Int+3} (You
                  | found it on level 4 of the Dungeon)
  4289 | D:4      | Reached skill level 3 in Armour
  4289 | D:4      | Reached skill level 5 in Stealth
  4803 | D:4      | Found a shimmering altar of Xom.
  4819 | D:4      | Found a hazy altar of Hepliaklqana.
  4819 | D:4      | Found a basalt altar of Yredelemnul.
  4821 | D:4      | Found a white marble altar of Elyvilon.
  4821 | D:4      | Found a snail-covered altar of Cheibriados.
  4821 | D:4      | Found a sacrificial altar of Ru.
  5344 | D:5      | Found a staircase to the Ecumenical Temple.
  5350 | Temple   | Entered the Ecumenical Temple
  5457 | Temple   | Became a worshipper of Vehumet
  5580 | D:5      | Got an ichor-stained whip
  5581 | D:5      | Identified the +4 whip "Demonbane" {flame, rN+ Int+8} (You
                  | found it on level 5 of the Dungeon)
  5718 | D:5      | Reached XP level 8. HP: 52/57 MP: 16/16
  6129 | D:5      | You fall into a shaft and drop 3 floors!
  6203 | D:8      | Found a large runed translucent door.
  6239 | D:8      | Reached skill level 4 in Armour
  6447 | D:8      | Learned a level 5 spell: Fireball
  6527 | D:8      | Found a sand-covered staircase.
  6574 | D:8      | Found a large runed translucent door.
  6574 | D:8      | Found a large runed translucent door.
  6578 | D:8      | Noticed a centaur warrior
  6578 | D:8      | Noticed a hippogriff
  6592 | D:8      | Reached * piety under Vehumet
  6592 | D:8      | Offered knowledge of Sandblast by Vehumet.
  6598 | Ossuary  | Entered an ossuary
  6615 | Ossuary  | Reached XP level 9. HP: 64/65 MP: 18/18
  6619 | Ossuary  | Reached skill level 5 in Armour
  7359 | D:6      | Reached ** piety under Vehumet
  7360 | D:6      | Offered knowledge of Searing Ray by Vehumet.
  7365 | D:6      | Reached skill level 6 in Armour
  7532 | D:6      | Reached skill level 5 in Invocations
  8003 | D:6      | Found an iron altar of Okawaru.
  8924 | D:7      | Reached XP level 10. HP: 73/73 MP: 20/20
  9208 | D:7      | Offered knowledge of Ignite Poison by Vehumet.
  9303 | D:7      | Reached skill level 5 in Fighting
  9303 | D:7      | Reached skill level 5 in Short Blades
  9303 | D:7      | Reached skill level 5 in Long Blades
  9303 | D:7      | Reached skill level 5 in Axes
  9303 | D:7      | Reached skill level 5 in Maces & Flails
  9303 | D:7      | Reached skill level 5 in Polearms
  9303 | D:7      | Reached skill level 5 in Staves
  9303 | D:7      | Reached skill level 5 in Slings
  9303 | D:7      | Reached skill level 5 in Bows
  9303 | D:7      | Reached skill level 5 in Crossbows
  9303 | D:7      | Reached skill level 5 in Throwing
  9303 | D:7      | Reached skill level 5 in Shields
  9303 | D:7      | Reached skill level 5 in Unarmed Combat
  9303 | D:7      | Reached skill level 5 in Evocations
  9346 | D:7      | Reached *** piety under Vehumet
  9860 | D:8      | Found a large runed translucent door.
  9887 | D:8      | Reached skill level 7 in Armour
 10174 | D:8      | Got a glimmering scythe
 10181 | D:8      | Identified the +1 scythe of Might {drain, rElec rPois rC-
                  | MR-} (You found it on level 8 of the Dungeon)
 10260 | D:8      | Killed a centaur warrior
 10260 | D:8      | Reached skill level 5 in Conjurations
 10274 | D:8      | Got a fine ring mail
 10285 | D:8      | Identified the +7 ring mail of Patience {Str+4} (You found
                  | it on level 8 of the Dungeon)
 10320 | D:8      | Noticed a two-headed ogre
 10327 | D:8      | Killed a two-headed ogre
 10327 | D:8      | Offered knowledge of Olgreb's Toxic Radiance by Vehumet.
 10381 | D:8      | Noticed a cyclops
 10388 | D:8      | Killed a cyclops
 10388 | D:8      | Reached skill level 8 in Armour
 10421 | D:8      | Got a warped ring mail
 10452 | D:8      | Identified the cursed +0 ring mail of Blue Skies {-Cast
                  | Rampage Int+5} (You found it on level 8 of the Dungeon)
 10510 | D:8      | Noticed Maurice
 10531 | D:8      | Killed Maurice
 10531 | D:8      | Reached XP level 11. HP: 81/81 MP: 18/22
 10919 | D:9      | Reached skill level 5 in Hexes
 10919 | D:9      | Reached skill level 5 in Summonings
 10919 | D:9      | Reached skill level 5 in Necromancy
 10919 | D:9      | Reached skill level 5 in Translocations
 10919 | D:9      | Reached skill level 5 in Transmutations
 10919 | D:9      | Reached skill level 5 in Ice Magic
 10919 | D:9      | Reached skill level 5 in Air Magic
 10919 | D:9      | Reached skill level 5 in Earth Magic
 10919 | D:9      | Reached skill level 5 in Poison Magic
 11162 | D:9      | Found a glowing golden altar of the Shining One.
 11169 | D:9      | Found a hazy altar of Hepliaklqana.
 11245 | D:10     | Entered Level 10 of the Dungeon
 11314 | D:10     | Reached **** piety under Vehumet
 11372 | D:10     | Noticed Snorg
 11411 | D:10     | Offered knowledge of Frozen Ramparts by Vehumet.
 11452 | D:10     | Noticed an unseen horror
 11453 | D:10     | Killed an unseen horror
 11669 | D:10     | Killed Snorg
 11785 | D:10     | Found a runed translucent gate.
 11786 | D:10     | Found a runed translucent gate.
 11786 | D:10     | Identified the +3 hand axe of Naiwn {vorpal, +Blink rPois
                  | Dex+4}
 11854 | D:10     | Reached skill level 9 in Armour
 11982 | D:10     | Noticed Caleiyous's ghost (journeyman GrFi)
 11983 | D:10     | Found a runed translucent gate.
 11990 | D:10     | Found a roughly hewn altar of Beogh.
 11991 | D:10     | Found the +2 hood of the Assassin {Detection Stab+ Stlth++}
 12041 | D:10     | Killed Caleiyous's ghost
 12341 | D:11     | Noticed a manticore
 12351 | D:11     | Killed a manticore
 12357 | D:11     | Noticed Psyche
 12360 | D:11     | Killed Psyche
 12361 | D:11     | Noticed a seven-headed hydra
 12417 | D:10     | Killed a seven-headed hydra
 12417 | D:10     | Reached XP level 12. HP: 50/89 MP: 21/24
 12602 | D:11     | Found a staircase to the Lair.
 12816 | D:11     | Reached ***** piety under Vehumet
 12816 | D:11     | Offered knowledge of Fulminant Prism by Vehumet.
 12924 | D:11     | Found a staircase to the Orcish Mines.
 13129 | Orc:1    | Entered Level 1 of the Orcish Mines
 13131 | Orc:1    | Noticed an orc warlord
 13135 | Orc:1    | Reached skill level 10 in Armour
 13201 | Lair:1   | Entered Level 1 of the Lair of Beasts
 13388 | Lair:1   | Found a glowing silver altar of Zin.
 14122 | Lair:2   | Noticed Prince Ribbit
 14124 | Lair:2   | Killed Prince Ribbit
 14132 | Lair:1   | Learned a level 4 spell: Fulminant Prism
 14276 | Lair:2   | Noticed Gastronok
 14289 | Lair:2   | Killed Gastronok
 14289 | Lair:2   | Reached XP level 13. HP: 78/98 MP: 4/26
 14355 | Lair:2   | Found a staircase to the Snake Pit.
 14839 | Lair:2   | Found a staircase to the Swamp.
 15072 | Lair:3   | Found a frozen archway.
 15083 | Lair:3   | Reached skill level 11 in Armour
 15097 | IceCv    | Entered an ice cave
 15435 | IceCv    | Found an ancient bone altar of Kikubaaqudgha.
 15437 | IceCv    | Offered knowledge of Iskenderun's Mystic Blast by Vehumet.
 16183 | Lair:3   | Learned a level 4 spell: Iskenderun's Mystic Blast
 16512 | Lair:3   | Reached skill level 10 in Spellcasting
 16771 | Lair:3   | Found a sparkling altar of Nemelex Xobeh.
 17100 | Lair:4   | Got a smelly scale mail
 17343 | Lair:4   | Noticed Urug
 17359 | Lair:4   | Killed Urug
 17767 | Lair:4   | Reached XP level 14. HP: 106/106 MP: 28/28
 17967 | Lair:1   | Identified the +4 scale mail of Xuef {Str+3 SInv} (You
                  | found it on level 4 of the Lair of Beasts)
 18766 | Lair:5   | Found a staircase to the Slime Pits.
 18776 | Lair:5   | Reached skill level 12 in Armour
 18782 | Lair:5   | Reached skill level 10 in Dodging
 19427 | Lair:6   | Entered Level 6 of the Lair of Beasts
 19788 | Lair:5   | Reached skill level 10 in Stealth
 19892 | Lair:6   | Offered knowledge of Bolt of Magma by Vehumet.
 19967 | Lair:6   | Reached skill level 10 in Invocations
 21349 | Lair:6   | Offered knowledge of Irradiate by Vehumet.
 21404 | Lair:6   | Reached skill level 13 in Armour
 21996 | D:11     | Killed an orc warlord
 21996 | D:11     | Reached XP level 15. HP: 103/115 MP: 8/29
 22317 | Orc:2    | Entered Level 2 of the Orcish Mines
 22477 | Orc:2    | Found a staircase to the Elven Halls.
 22490 | Orc:1    | Found a burning altar of Makhleb.
 22860 | Orc:1    | Found an iron altar of Okawaru.
 23410 | Orc:2    | Reached skill level 10 in Fire Magic
 23648 | Orc:2    | Found Jaururra's General Store.
 23648 | Orc:2    | Found Idweank's Antique Armour Shoppe.
 23655 | Orc:2    | Found Estureq's Book Shoppe.
 23655 | Orc:2    | Found Jutyun's General Store.
 23666 | Orc:2    | Bought a scroll of noise for 13 gold pieces
 23994 | Snake:1  | Entered Level 1 of the Snake Pit
 24020 | Snake:1  | Offered knowledge of Orb of Destruction by Vehumet.
 24109 | Snake:1  | Found a blossoming altar of Fedhas.
 24123 | Snake:1  | Reached skill level 10 in Fighting
 24123 | Snake:1  | Reached skill level 10 in Short Blades
 24123 | Snake:1  | Reached skill level 10 in Long Blades
 24123 | Snake:1  | Reached skill level 10 in Axes
 24123 | Snake:1  | Reached skill level 10 in Maces & Flails
 24123 | Snake:1  | Reached skill level 10 in Polearms
 24123 | Snake:1  | Reached skill level 10 in Staves
 24123 | Snake:1  | Reached skill level 10 in Slings
 24123 | Snake:1  | Reached skill level 10 in Bows
 24123 | Snake:1  | Reached skill level 10 in Crossbows
 24123 | Snake:1  | Reached skill level 10 in Throwing
 24123 | Snake:1  | Reached skill level 10 in Shields
 24123 | Snake:1  | Reached skill level 10 in Unarmed Combat
 24123 | Snake:1  | Reached skill level 10 in Evocations
 24641 | Snake:1  | Learned a level 5 spell: Summon Forest
 25514 | Snake:2  | Noticed Agnes
 25524 | Snake:2  | Killed Agnes
 25653 | Snake:2  | Offered knowledge of Starburst by Vehumet.
 25728 | Snake:1  | Learned a level 6 spell: Starburst
 25839 | Snake:2  | Reached skill level 14 in Armour
 25953 | Snake:2  | Reached XP level 16. HP: 123/123 MP: 20/31
 26107 | Snake:2  | Noticed Aizul
 26156 | Snake:2  | HP: 5/184 [Aizul (16)]
 26159 | Snake:2  | Killed from afar by Aizul

Illustrated notes

Levels and vault maps discovered:
D:1:      minmay_arrival_five_plusses, layout_basic, minmay_split_cup_large
D:2:      layout_basic, lemuel_crystal_altar, minmay_joined_circles
D:3:      layout_loops_ring, roderic_batcave
D:4:      layout_basic, doesnt_xom_only_xom
D:5:      layout_layer_cave, temple_statues, chequers_serial_rivers_micro_d,
          minmay_manual_mares
D:6:      layout_basic, lemuel_round_altar, minmay_bent
D:7:      layout_loops_ring
D:8:      layout_gridville, nicolae_ossuary_entry_false_entrances,
          minmay_hollow_rounded_squares, uniq_maurice
D:9:      layout_rooms, amethyst_overflow_temple_binary, minmay_misc_feat_chi,
          kennysheep_generic_room_14
D:10:     layout_cave_pools, biasface_ghost_orc_armoury, uniq_snorg
D:11:     layout_rooms, dpeg_oklobed_lair, orc_0_dummy, uniq_psyche
Temple:   dpeg_five_rooms_temple
Lair:1:   layout_cave_pods, basic_altar
Lair:2:   layout_long_grid, swamp_mist_pool, guppyfry_snake_entry_island,
          serial_bayou_shore_a, uniq_prince_ribbit2, uniq_gastronok
Lair:3:   layout_small_grid, portal_ice_cave_demonic_guard, basic_altar,
          beast_lair_carwin_8
Lair:4:   layout_layer_cave, lemuel_fruit_tree, uniq_urug
Lair:5:   layout_regular_city, minmay_slime_entry_pillars
Lair:6:   minmay_lair_end_frog_pond, layout_regular_city, wad_woods_03
Snake:1:  layout_misc_corridors, basic_altar, drop_trap
Snake:2:  layout_onion, gammafunk_ghost_abyssal_escape, serial_bayou_pond_e,
          nicolae_snake_springs, uniq_aizul, uniq_agnes
Orc:1:    layout_caves, basic_altar, david_defended_altar_orc
Orc:2:    grunt_orc_tribal_feast, layout_diamond_mine

Skill      XL: |  1  2  3  4  5  6  7  8  9 10 11 12 13 14 15 |
---------------+----------------------------------------------+-----
Conjurations   | 2 3 4 5 6 7 8 9 |  9.2
Spellcasting   | 5 6 7 8 9 10 11 | 11.5
Invocations    | 1 2 3 4 5 6 7 8 9 10 11 | 11.3
Fighting       | 1 2 3 4 5 6 7 8 9 10 | 10.5
Short Blades   | 1 2 3 4 5 6 7 8 9 10 | 10.5
Long Blades    | 1 2 3 4 5 6 7 8 9 10 | 10.5
Axes           | 1 2 3 4 5 6 7 8 9 10 | 10.5
Maces & Flails | 1 2 3 4 5 6 7 8 9 10 | 10.5
Polearms       | 1 2 3 4 5 6 7 8 9 10 | 10.5
Staves         | 1 2 3 4 5 6 7 8 9 10 | 10.5
Slings         | 1 2 3 4 5 6 7 8 9 10 | 10.5
Bows           | 1 2 3 4 5 6 7 8 9 10 | 10.5
Crossbows      | 1 2 3 4 5 6 7 8 9 10 | 10.5
Throwing       | 1 2 3 4 5 6 7 8 9 10 | 10.5
Armour         | 1 2 3 4 6 8 9 10 11 13 14 | 14.0
Shields        | 1 2 3 4 5 6 7 8 9 10 | 10.5
Unarmed Combat | 1 2 3 4 5 6 7 8 9 10 | 10.5
Evocations     | 1 2 3 4 5 6 7 8 9 10 | 10.5
Hexes          | 1 2 3 4 5 6 7 8 |  8.9
Summonings     | 1 2 3 4 5 6 7 8 |  8.9
Necromancy     | 1 2 3 4 5 6 7 8 |  8.9
Translocations | 1 2 3 4 5 6 7 8 |  8.9
Transmutations | 1 2 3 4 5 6 7 8 |  8.9
Ice Magic      | 1 2 3 4 5 6 7 8 |  8.9
Air Magic      | 1 2 3 4 5 6 7 8 |  8.9
Earth Magic    | 1 2 3 4 5 6 7 8 |  8.9
Poison Magic   | 1 2 3 4 5 6 7 8 |  8.9
Dodging        | 5 6 7 8 9 10 11 | 11.3
Stealth        | 5 6 7 8 9 10 11 | 11.2
Fire Magic     | 6 7 8 9 10 | 10.4

Action                   |  1- 3 |  4- 6 |  7- 9 | 10-12 | 13-15 | 16-18 || total
-------------------------+-------+-------+-------+-------+-------+-------++-------
Melee: Dagger            |    12 |    33 |    87 |       |       |       ||   132
       Bite              |       |     2 |    20 |     6 |    14 |     1 ||    43
       Whip              |       |       |    52 |    46 |    40 |       ||   138
       Punch             |       |       |     2 |       |       |       ||     2
       Hand axe          |       |       |       |       |    49 |    10 ||    59
 Cast: Foxfire           |    29 |    53 |   189 |   157 |   219 |    11 ||   658
       Sticky Flame      |       |     1 |    20 |    36 |    90 |     4 ||   151
       Conjure Flame     |       |       |     1 |     6 |     1 |       ||     8
       Inner Flame       |       |       |     1 |     6 |     5 |       ||    12
       Fireball          |       |       |     4 |    97 |   345 |     2 ||   448
       Fulminant Prism   |       |       |       |     5 |    13 |     5 ||    23
       Iskenderun's Myst |       |       |       |       |    12 |     2 ||    14
       Summon Forest     |       |       |       |       |     1 |     2 ||     3
 Abil: Evoke Flight      |       |       |     7 |       |       |       ||     7
       Stop Flying       |       |       |     6 |       |       |       ||     6
Evoke: Wand              |       |       |       |     2 |     1 |       ||     3
  Use: Scroll            |       |     3 |    14 |    11 |    10 |     1 ||    39
       Potion            |       |       |       |     1 |       |     3 ||     4
 Stab: Sleeping          |     2 |     9 |     9 |     9 |    17 |       ||    46
       Distracted        |       |       |       |       |     1 |       ||     1
Armor: Robe              |    10 |     7 |    27 |       |     3 |       ||    47
       Troll leather arm |       |       |       |    29 |    33 |     3 ||    65
Dodge: Dodged            |    18 |    33 |   157 |    77 |   200 |    16 ||   501
Block: Buckler           |       |       |       |    25 |    90 |     5 ||   120

Table legend: (Time is in decaauts)
 A = Elapsed time spent in this place.
 B = Non-inter-level travel time spent in this place.
 C = Inter-level travel time spent in this place.
 D = Time resting spent in this place.
 E = Time spent auto-exploring this place.
 F = Levels seen in this place.
 G = Mean time per level.
                   A        B        C        D        E       F      G
               +--------+--------+--------+--------+--------+-----+--------+
         Total |  26223 |  25137 |   1086 |   5113 |  14131 |  24 | 1092.6 |
       Dungeon |  12699 |  12289 |    410 |   1944 |   7701 |  11 | 1154.5 |
        Temple |    196 |    165 |     31 |      0 |    158 |   1 |  196.0 |
          Lair |   8128 |   7621 |    507 |   1631 |   4270 |   6 | 1354.7 |
     Snake Pit |   2157 |   2112 |     45 |    799 |    777 |   2 | 1078.5 |
  Orcish Mines |   1788 |   1696 |     92 |    515 |    801 |   2 |  894.0 |
       Ossuary |    562 |    562 |      0 |     47 |    146 |   1 |  562.0 |
      Ice Cave |    690 |    690 |      0 |    177 |    277 |   1 |  690.0 |
               +--------+--------+--------+--------+--------+-----+--------+

Top non-repeatable levels by time:
  Lair:6: 1665 daAuts
     D:5: 1635 daAuts
  Lair:3: 1543 daAuts
     D:8: 1527 daAuts
 Snake:1: 1501 daAuts
  Lair:5: 1391 daAuts
     D:2: 1380 daAuts
     D:4: 1343 daAuts
  Lair:2: 1276 daAuts
     D:1: 1163 daAuts
    D:10: 1162 daAuts
  Lair:1: 1141 daAuts
  Lair:4: 1111 daAuts
     D:6: 1074 daAuts
    D:11: 1038 daAuts
